 Dungeon Crawl Stone Soup version 0.28.0-53-g5a82cb258f (webtiles) character file.

Game seed: 16802572233932275935

42 Stomo the Skirmisher (level 3, 0/33 HPs)
             Began as a Draconian Monk on July 13, 2022.
             Slain by Terence
             ... wielding a +0 falchion
              (7 damage)
             ... on level 2 of the Dungeon.
             The game lasted 00:02:03 (1187 turns).

Stomo the Skirmisher (Draconian Monk)               Turns: 1187, Time: 00:02:03

Health: 0/33       AC:  5    Str: 15    XL:     3   Next: 35%
Magic:  3/3        EV: 13    Int: 10    God:
Gold:   29         SH:  0    Dex: 13    Spells: 2/2 levels left

rFire   . . .      SeeInvis .   a - +0 mace
rCold   . . .      Faith    .   (no shield)
rNeg    . . .      Spirit   .   (armour unavailable)
rPois   .          Reflect  .   (helmet restricted)
rElec   .          Harm     .   (no cloak)
rCorr   .          Rampage  .   (no gloves)
Will    .....                   (no boots)
Stlth   ++........              (no amulet)
HPRegen 0.11/turn               (no ring)
MPRegen 0.08/turn               (no ring)

@: invisible
A: AC +5, unfitting armour, cold-blooded
a: no special abilities


You were on level 2 of the Dungeon.
You visited 1 branch of the dungeon, and saw 2 of its levels.

You collected 29 gold pieces.

Inventory:

Hand Weapons
 a - a +0 mace (weapon)
Scrolls
 b - a scroll of amnesia {unknown}
 d - 2 scrolls of identify {unknown}
 e - a scroll of torment {unknown}
 f - a scroll of fear {unknown}
Potions
 g - a potion of lignification {unknown}


   Skills:
 + Level 3.9 Fighting
 + Level 3.5 Maces & Flails
 + Level 3.2 Dodging
 - Level 1.7 Stealth


You had 2 spell levels left.
You didn't know any spells.
Your spell library was empty.

Dungeon Overview and Level Annotations

Branches:
Dungeon (2/15)

Altars:

Annotations:
D:2 Terence


Innate Abilities, Weirdness & Mutations

Your plain brown scales are hard. (AC +5)
You cannot fit into any form of body armour.
You are cold-blooded and may be slowed by cold attacks.


Message History

Terence hits you with a +0 falchion.
You hit Terence but do no damage.
Terence is moderately wounded.
Terence hits you with a +0 falchion! Terence barely misses you.
You hit Terence but do no damage.
You tail-slap Terence, but do no damage.
Terence is moderately wounded.
Terence closely misses you.
You completely miss Terence.
Terence is moderately wounded.
Terence hits you with a +0 falchion.
You are too injured to fight recklessly!
You are too injured to fight recklessly!
You are too injured to fight recklessly!
You are too injured to fight recklessly!
You are too injured to fight recklessly!
You are too injured to fight recklessly!
You are too injured to fight recklessly!
You are too injured to fight recklessly!
You are too injured to fight recklessly!
You are too injured to fight recklessly!
You are too injured to fight recklessly!
You are too injured to fight recklessly!
You are too injured to fight recklessly!
You are too injured to fight recklessly!
You are too injured to fight recklessly!
Terence is nearby!
It was a potion of invisibility.
You fade into invisibility!
Terence misses you.
Unknown command.
Okay, then.
You hit Terence.
Terence is heavily wounded.
Terence hits you with a +0 falchion!
* * * LOW HITPOINT WARNING * * *
You hit Terence but do no damage.
Terence is heavily wounded.
Terence misses you. Terence hits you with a +0 falchion!
You die...

###########.#
..#......##.#
#####.#......##.#
...##.#......##.####
##.##.# #....#.#..
.#.##.####.##.#.#.#
...##......##<#.#@#
....>......##...@.#
#####.#.##.####.###
..)...#.#.......#
#####.# #.#######
......#.#..########
###...#.#......>...
......#....########
#########.##
...........#


You could see Terence.

Vanquished Creatures
  2 dart slugs
  An orc (D:2)
  7 endoplasms
  5 goblins
  3 hobgoblins (D:1)
  4 jackals (D:1)
  4 kobolds (D:1)
  2 quokkas (D:1)
  2 rats (D:1)
30 creatures vanquished.

Notes
Turn   | Place    | Note
-------+----------+-------------------------------------------
     0 | D:1      | Stomo the Draconian Monk began the quest for the Orb.
     0 | D:1      | Reached XP level 1. HP: 19/19 MP: 1/1
    82 | D:1      | Reached XP level 2. HP: 21/26 MP: 2/2
   729 | D:1      | Reached XP level 3. HP: 32/33 MP: 3/3
  1177 | D:2      | Noticed Terence
  1187 | D:2      | Slain by Terence

Illustrated notes

Levels and vault maps discovered:
D:1:      zaba_arrival_water, layout_loops_cross, hangedman_decor_points
D:2:      layout_basic, serial_curves, eino_curves_01, eino_curves_02,
          uniq_natasha, uniq_terence

Skill      XL: |  1  2 |
---------------+-------+-----
Dodging        | 3 |  3.2
Fighting       | |  3.9
Maces & Flails | |  3.5
Stealth        | |  1.7

Action                   || total
-------------------------++-------
Melee: Mace              ||    82
       Tailslap          ||    11
  Use: Potion            ||     1
 Stab: Sleeping          ||     3
       Distracted        ||     1
Armor: Skin              ||    26
Dodge: Dodged            ||    43
